 Dungeon Crawl Stone Soup version 0.30-b1-2-g02819fbbbe (webtiles) character file.

Game seed: 10523600849223883034

592 Nobody9876 the Chopper (level 7, -5/54 HPs)
             Began as a Human Fighter on Oct 12, 2023.
             Was a Follower of Trog.
             Slain by Edmund the two-headed ogre (glowing shapeshifter) (13 damage)
             ... on level 5 of the Dungeon.
             The game lasted 00:11:56 (3781 turns).

Nobody9876 the Chopper (Human Fighter)              Turns: 3781, Time: 00:11:57

Health: -5/54      AC: 15    Str: 18    XL:     7   Next: 66%
Magic:  7/7        EV:  5    Int: 15    God:    Trog [*.....]
Gold:   361        SH:  5    Dex: 12    Spells: 6/6 levels left

rFire   . . .        a - +0 war axe (chaos)
rCold   . . .        c - +0 buckler
rNeg    . . .        g - +0 plate armour
rPois   .            (no helmet)
rElec   .            m - +0 cloak
rCorr   .            p - +1 pair of gloves
SInv    .            (no boots)
Will    .....        (no amulet) Stlth
                     j - +6 ring of intelligence
HPRegen 0.29/turn    (no ring)
MPRegen 0.10/turn

%: no passive effects
@: spiked
A: no striking features
a: Renounce Religion, Berserk


You were on level 5 of the Dungeon.
You worshipped Trog.
Trog was aware of your devotion.
You visited 1 branch of the dungeon, and saw 5 of its levels.

You collected 361 gold pieces.

Inventory:

Hand Weapons
 a - a +0 war axe of chaos (weapon)
 f - a +0 hand axe of flaming
 r - the +11 mace of the Whale {heavy, Str+3}
   (You found it on level 3 of the Dungeon)

   Str:       It affects your strength (+3).
Armour
 c - a +0 buckler (worn)
 g - a +0 plate armour (worn)
 m - a +0 cloak (worn)
 p - a +1 pair of gloves (worn)
Jewellery
 j - a +6 ring of intelligence (left hand)
Wands
 o - a wand of mindburst (22)
 t - a wand of flame (18)
Scrolls
 b - a scroll of brand weapon
 h - a scroll of identify
 l - a scroll of poison
 s - a scroll of teleportation {unknown}
Potions
 d - a potion of might
 e - 3 potions of curing
 i - 2 potions of lignification
 k - a potion of magic
 n - a potion of berserk rage
 q - a potion of heal wounds {unknown}


   Skills:
 + Level 4.0 Fighting
 + Level 5.6 Axes
 + Level 4.4 Armour
 + Level 0.2 Dodging
 + Level 1.2 Stealth
 + Level 4.2 Shields


You had 6 spell levels left.
You didn't know any spells.
Your spell library was empty.

Dungeon Overview and Level Annotations

Branches:
Dungeon (5/15)
 Temple: D:4-7

Altars:
Cheibriados
Fedhas
Hepliaklqana
Nemelex Xobeh
Okawaru
Sif Muna
Trog
Vehumet

Shops:
D:1 (   D:4 =

Annotations:
D:4 2 transporters
D:5 Edmund


Message History

Edmund is lightly wounded.
Edmund fails to defend itself.
You hit Edmund but do no damage.
Edmund is poisoned.
Edmund is lightly wounded.
Edmund fails to defend itself.
You hit Edmund.
Edmund is lightly wounded.
Edmund fails to defend itself.
You slash Edmund!
Edmund is moderately wounded.
Edmund is no longer paralysed.
Edmund hits you but does no damage.
You slash Edmund!
Edmund resists with significant effort.
Edmund is heavily wounded.
You block Edmund's attack. Edmund hits you!
Barbed spikes become lodged in your body.
You barely miss Edmund.
Edmund is heavily wounded.
Edmund hits you.
Barbed spikes become lodged in your body.
You hit Edmund.
Edmund is heavily wounded.
Edmund hits you!
Barbed spikes become lodged in your body.
Edmund hits you!
Barbed spikes become lodged in your body.
You are too injured to fight recklessly!
You are too injured to fight recklessly!
You are too injured to fight recklessly!
You are too injured to fight recklessly!
You fail to use your ability.
Edmund the steelbarb worm changes into a shining eye!
You slash Edmund!
Edmund is poisoned.
Edmund is moderately wounded.
Edmund the shining eye changes into a snapping turtle!
Edmund the snapping turtle changes into a two-headed ogre!
You hit Edmund but do no damage. Edmund hits you!
* * * LOW HITPOINT WARNING * * *
Edmund hits you but does no damage.
You hit Edmund. You burn Edmund.
Edmund is lightly wounded.
Edmund hits you!
You die...

#. ###. #.. #. .... #.#
##. ##.. ... .. #. #.#
#. ###.### #.# ##.##
......# #.# #..O######.
#.#.#.###)# #.#@†......
.##.#..##.####...######.
.............##.## #
#.............# #
###.#.####.##.# ..#
#..## #.##.# #_###.##
#.##.# ......# #.##.#
#####.# #.##.#


You could see Edmund the two-headed ogre shaped shifter.

Vanquished Creatures
  The ghost of diceflayer the Chopper, an amateur MiFi (D:4)
  A kobold brigand (D:4)
  A scorpion (D:4)
  A jelly (D:4)
  An orc priest (D:4)
  3 orc wizards (D:4)
  An iguana (D:4)
  4 adders
  A shadow imp (D:5)
  2 ufetubi (D:4)
  A worm (D:3)
  A dart slug (D:2)
  9 orcs
  5 endoplasms
  2 giant cockroaches
  10 goblins
  8 hobgoblins
  13 jackals
  3 quokkas
  7 ball pythons
  4 bats
  7 frilled lizards
  15 kobolds
  7 rats
108 creatures vanquished.

Vanquished Creatures (others)
  A fungus (D:4)
  3 plants (D:4)
4 creatures vanquished.

Grand Total: 112 creatures vanquished

Notes
Turn   | Place    | Note
-------+----------+-------------------------------------------
     0 | D:1      | Nobody9876 the Human Fighter began the quest for the Orb.
     0 | D:1      | Reached XP level 1. HP: 18/18 MP: 1/1
   118 | D:1      | Reached XP level 2. HP: 20/24 MP: 2/2
   288 | D:1      | Found Torimeca's Weapon Shoppe.
   320 | D:1      | Reached XP level 3. HP: 29/29 MP: 3/3
   910 | D:2      | Reached XP level 4. HP: 35/35 MP: 4/4
  1599 | D:3      | Reached skill level 3 in Axes
  1842 | D:3      | Found a sparkling altar of Nemelex Xobeh.
  1850 | D:3      | Found a faded altar of an unknown god.
  1880 | D:3      | Found a radiant altar of Vehumet.
  1990 | D:3      | Reached XP level 5. HP: 41/41 MP: 5/5
  2045 | D:3      | Identified the +11 mace of the Whale {heavy, Str+3}
  2127 | D:3      | Found a snail-covered altar of Cheibriados.
  2354 | D:3      | Found a bloodstained altar of Trog.
  2359 | D:3      | Became a worshipper of Trog the Wrathful
  2658 | D:4      | Found an iron altar of Okawaru.
  2750 | D:4      | Found a transporter.
  2750 | D:4      | Found Rumyumiq's Jewellery Shoppe.
  2839 | D:4      | Found a transporter.
  2853 | D:4      | Reached XP level 6. HP: 47/47 MP: 6/6
  2858 | D:4      | Found a runed translucent gate.
  2859 | D:4      | Found a runed translucent gate.
  2859 | D:4      | Noticed diceflayer's ghost (amateur MiFi)
  2860 | D:4      | Found a runed translucent gate.
  2896 | D:4      | Found a hazy altar of Hepliaklqana.
  2910 | D:4      | Found a shimmering blue altar of Sif Muna.
  2957 | D:4      | Reached skill level 4 in Axes
  2968 | D:4      | Reached skill level 1 in Stealth
  3145 | D:4      | Reached * piety under Trog
  3504 | D:4      | Reached XP level 7. HP: 53/53 MP: 7/7
  3533 | D:4      | Reached skill level 5 in Axes
  3536 | D:4      | Killed diceflayer's ghost
  3682 | D:5      | Entered Level 5 of the Dungeon
  3731 | D:5      | Found a blossoming altar of Fedhas.
  3766 | D:5      | Noticed Edmund
  3770 | D:5      | Edmund changed into Edmund the glowing shapeshifter
  3770 | D:5      | Noticed Edmund (glowing shapeshifter)
  3770 | D:5      | Edmund the glowing shapeshifter changed into Edmund the
                  | steelbarb worm
  3770 | D:5      | Noticed Edmund (glowing shapeshifter)
  3778 | D:5      | Edmund the steelbarb worm changed into Edmund the shining
                  | eye
  3778 | D:5      | Noticed Edmund (glowing shapeshifter)
  3779 | D:5      | Edmund the shining eye changed into Edmund the snapping
                  | turtle
  3779 | D:5      | Noticed Edmund (glowing shapeshifter)
  3779 | D:5      | Edmund the snapping turtle changed into Edmund the
                  | two-headed ogre
  3779 | D:5      | Noticed Edmund (glowing shapeshifter)
  3781 | D:5      | Slain by Edmund the two-headed ogre (glowing shapeshifter)

Illustrated notes

Levels and vault maps discovered:
D:1:      dpeg_arrival_refuge, layout_loops_ring, serial_shops, shop
D:2:      layout_basic, eino_curves_03, dreamdust_princess_bridge,
          feat_on_display
D:3:      layout_loops_ring, mainiacjoe_overflow_big_doors, marbit_many_paths,
          lightli_temple_of_fire, shapermc_ecumenical_altar_notcrosses
D:4:      layout_rooms, lemuel_doored_altar, mainiacjoe_overflow_paths,
          mainiacjoe_overflow_surrounded_room, gammafunk_ghost_nasty_kobolds,
          serial_shops, nicolae_shop_drivethru
D:5:      layout_loops_ring, overflow_temple_1_default, ashenzari_altar_1,
          nicolae_gozag_zags_fifth_avenue, uniq_edmund

Skill      XL: |  1  2  3  4  5  6  7 |
---------------+----------------------+-----
Axes           | 3 4 5 |  5.6
Shields        | 4 |  4.2
Armour         | 4 |  4.4
Stealth        | 1 |  1.2
Fighting       | 4 |  4.0
Dodging        | |  0.2

Action                     |  1- 3 |  4- 6 |  7- 9 || total
---------------------------+-------+-------+-------++-------
  Melee: War axe           |    35 |   145 |    32 ||   212
         Hand axe          |    62 |       |       ||    62
 Invoke: Berserk           |       |     1 |     1 ||     2
    Use: Scroll            |     4 |     4 |       ||     8
   Stab: Petrifying        |       |     1 |       ||     1
         Paralysed         |       |       |     3 ||     3
 Armour: Chain mail        |    28 |       |       ||    28
         Plate armour      |    39 |    92 |    13 ||   144
  Dodge: Dodged            |    30 |    36 |     4 ||    70
  Block: Buckler           |    26 |    32 |     7 ||    65
